 Dungeon Crawl Stone Soup version 0.24.1-11-gbbbb2193e6 (webtiles) character file.

Game seed: 13923210090866581511, levelgen mode: deterministic

2129 Brecoman the Sneak (level 9, -1/55 HPs)
             Began as an Octopode Assassin on May 13, 2020.
             Was a Believer of Hepliaklqana.
             Slain by a porcupine (10 damage)
             ... on level 8 of the Dungeon.
             The game lasted 00:41:34 (8213 turns).

Brecoman the Sneak (Octopode Assassin)              Turns: 8213, Time: 00:41:34

Health: -1/55      AC:  1    Str: 11    XL:     9   Next: 30%
Magic:  18/18      EV: 20    Int: 13    God:    Hepliaklqana [**....]
Gold:   249        SH:  0    Dex: 16    Spells: 8/8 levels left

rFire    . . .     SeeInvis .   s - +5 dagger (freeze)
rCold    . . .     Gourm    .   (no shield)
rNeg     . . .     Faith    .   (helmet restricted)
rPois    .         Spirit   .   (no amulet)
rElec    .         Reflect  .   q - ring of protection from magic
rCorr    .         Harm     .   w - +3 ring of evasion (curse)
MR       +....                  B - ring of magical power
Stlth    ++++......             (no ring)
HPRegen  0.18/turn              (no ring)
MPRegen  0.16/turn              (no ring)
                                (no ring)
                                (no ring)

@: no status effects
A: almost no armour, stealthy swim, amphibious, 8 rings, constrict 8, reduced
essence, camouflage 1, gelatinous body 1
a: Recall Ancestor, Ancestor Identity, Renounce Religion


You were on level 8 of the Dungeon.
You worshipped Hepliaklqana.
Hepliaklqana was pleased with you.
You were not hungry.

You visited 2 branches of the dungeon, and saw 9 of its levels.

You collected 499 gold pieces.
You spent 250 gold pieces at shops.

Inventory:

Hand Weapons
 a - a +2 dagger
 s - a +5 dagger of freezing (weapon)
Missiles
 b - 15 poisoned darts (quivered)
 m - 175 stones
 o - 3 atropa-tipped darts
Jewellery
 q - a ring of protection from magic (left tentacle)
 w - a cursed +3 ring of evasion (right tentacle)
 y - a +4 ring of intelligence
 B - a ring of magical power (on tentacle)
Wands
 c - a wand of paralysis (8)
 l - a wand of iceblast (7)
 n - a wand of flame (13)
Scrolls
 e - 8 scrolls of remove curse
 f - a scroll of fear
 g - 2 scrolls of teleportation
 j - a scroll of enchant armour
 v - a scroll of identify
 x - a scroll of magic mapping
 D - a scroll of enchant weapon {unknown}
Potions
 i - 5 potions of curing
 k - 3 potions of heal wounds
 p - a potion of haste
 r - 4 potions of mutation
 t - 3 potions of brilliance
 u - a potion of cancellation
 z - a potion of berserk rage
 A - a potion of might {unknown}
Comestibles
 d - 16 rations
 C - 2 chunks of flesh


   Skills:
 + Level 6.1 Fighting
 + Level 6.1 Short Blades
 - Level 6.0 Throwing
 + Level 5.9 Dodging
 + Level 6.6 Stealth


You had 8 spell levels left.
You didn't know any spells.
Your spell library contained the following spells:

 Spells                   Type           Power        Failure   Level  Hunger
 Corona                   Hex            #......      30%         1    ##.....
 Ensorcelled Hibernation  Hex/Ice        #.....       43%         2    ###....
 Confuse                  Hex            #.......     67%         3    ####...
 Dazzling Spray           Conj/Hex       #.....       67%         3    ####...
 Tukima's Dance           Hex            #.......     67%         3    ####...


Dungeon Overview and Level Annotations

Branches:
Dungeon (8/15)             Temple (1/1) D:5
   Lair: D:8-11

Altars:
Ashenzari
Cheibriados
Dithmenos
Elyvilon
Fedhas
Gozag
Hepliaklqana
Kikubaaqudgha
Makhleb
Nemelex Xobeh
Okawaru
Qazlal
Ru
Sif Muna
Trog
Uskayaw
Vehumet
Wu Jian
Xom
Yredelemnul
The Shining One

Shops:
D:6 :

Annotations:
D:7 FTLSpaceWarp's ghost, novice SpAs


Innate Abilities, Weirdness & Mutations

You cannot wear most types of armour.
You are very stealthy in the water. (Stealth+)
You are amphibious.
You can wear up to eight rings at the same time.
You can use your tentacles to constrict eight enemies at once.
Your skin changes colour to match your surroundings (Stealth+).
Your rubbery body absorbs attacks. (AC +1, EV +1)
Your life essence is reduced to manifest your ancestor. (-10% HP)


Message History

The curare-tipped dart barely misses the porcupine.
Kaya points at the porcupine and mumbles some strange words.
The porcupine appears confused.
A porcupine comes into view.
Kaya points at the porcupine and mumbles some strange words.
The porcupine resists with some effort.
Throwing (i - inventory. (/) - cycle)
h - a curare-tipped dart (quivered)
Press: ? - help, Shift-Dir - straight line, f - porcupine, p - porcupine
Aim: a porcupine (lightly wounded)
You throw a curare-tipped dart.
The curare-tipped dart barely misses the porcupine.
Throwing (i - inventory. (/) - cycle)
b - 16 poisoned darts (quivered)
Press: ? - help, Shift-Dir - straight line, f/p - porcupine
Aim: a porcupine (lightly wounded)
You throw a poisoned dart. The poisoned dart hits the porcupine.
The porcupine is poisoned.
The porcupine is lightly wounded.
The porcupine closely misses you. The porcupine bites you!
You die...

#..............>.###...P.
#................##......PP
#.....R.........#......PPP
##.....##...........P.PPPP
#####.###.......r.P..PPPP
#.###............P?P.
#...R...r......P.P.PP
##..#.............P..
#....#.(r@....<..P..PP
#.#..##....###....P..P
####..#.....##...#....
##.#.#.#.##.#...#..
.#.#.#....###....
...#.#..### ...# ...... ..
..# ....... ..# ..


You could see the friendly Kaya the hexer and 3 porcupines.

Vanquished Creatures
  Pikel (D:4)
  2 slaves (D:4)
  A phantom (D:7)
  2 ogres
  3 bullfrogs
  A scorpion (D:4)
  3 wights (D:5)
  2 howler monkeys (D:8)
  2 crimson imps
  4 orc priests
  2 hounds
  A centaur skeleton (D:5)
  A bullfrog skeleton (D:7)
  2 iguanas
  2 orc wizards (D:6)
  3 worker ants
  A mummy (D:5)
  A worker ant zombie (D:6)
  3 gnolls (D:7)
  6 adders
  A howler monkey skeleton (D:5)
  A river rat (D:6)
  An ooze (D:2)
  A worm (D:2)
  4 dart slugs
  5 leopard geckos
  16 orcs
  2 ball pythons (D:3)
  9 giant cockroaches
  7 goblins
  4 hobgoblins
  13 jackals
  5 kobolds
  A quokka (D:6)
  4 bats
  7 frilled lizards
  5 rats
129 creatures vanquished.

Vanquished Creatures (collateral kills)
  A bullfrog (D:5)
  A wight (D:5)
  A crimson imp (D:5)
  2 orc priests
  A bullfrog skeleton (D:5)
  2 adders
  A leopard gecko (D:7)
  5 orcs
  A jackal (D:5)
15 creatures vanquished.

Vanquished Creatures (others)
  2 ancestors (D:6)
  A fungus (D:8)
  2 plants (D:7)
5 creatures vanquished.

Grand Total: 149 creatures vanquished

Notes
Turn   | Place    | Note
-------+----------+-------------------------------------------
     0 | D:1      | Brecoman the Octopode Assassin began the quest for the Orb.
     0 | D:1      | Reached XP level 1. HP: 14/14 MP: 1/1
   158 | D:1      | Reached XP level 2. HP: 12/19 MP: 2/2
   506 | D:1      | You fall into a shaft and drop 1 floor!
   568 | D:2      | Noticed a phantom
   573 | D:2      | Reached XP level 3. HP: 18/25 MP: 3/3
  1761 | D:2      | Reached XP level 4. HP: 30/30 MP: 4/4
  2708 | D:3      | Reached XP level 5. HP: 36/36 MP: 5/5
  3296 | D:4      | Noticed an ogre
  3317 | D:4      | Killed an ogre
  3317 | D:4      | Reached XP level 6. HP: 42/42 MP: 6/6
  3385 | D:4      | Noticed Pikel
  3385 | D:4      | Noticed a slave
  3385 | D:4      | Noticed a slave
  3385 | D:4      | Noticed a slave
  3385 | D:4      | Noticed a slave
  3758 | D:4      | Killed a slave
  3760 | D:4      | Killed a slave
  3766 | D:4      | Killed Pikel
  3766 | D:4      | Reached XP level 7. HP: 19/49 MP: 7/7
  4325 | D:5      | Entered Level 5 of the Dungeon
  4497 | D:5      | Found a staircase to the Ecumenical Temple.
  4507 | Temple   | Entered the Ecumenical Temple
  4568 | Temple   | Became a worshipper of Hepliaklqana the Forgotten
  4946 | D:5      | Found a snail-covered altar of Cheibriados.
  4982 | D:5      | Reached XP level 8. HP: 41/48 MP: 8/8
  5007 | D:5      | Reached * piety under Hepliaklqana
  5530 | D:5      | Reached skill level 5 in Fighting
  5530 | D:5      | Reached skill level 5 in Short Blades
  5530 | D:5      | Reached skill level 5 in Throwing
  5849 | D:6      | Found a snail-covered altar of Cheibriados.
  5865 | D:6      | Found a radiant altar of Vehumet.
  6154 | D:6      | Found a glowing golden altar of the Shining One.
  6196 | D:6      | Found Jafyolyh's Book Boutique.
  6216 | D:6      | Bought a book of Maledictions for 250 gold pieces
  6283 | D:6      | Found an ancient bone altar of Kikubaaqudgha.
  6324 | D:6      | Reached skill level 5 in Dodging
  7278 | D:7      | Reached ** piety under Hepliaklqana
  7279 | D:7      | Remembered your ancestor Kaya as a hexer
  7293 | D:7      | Found an ornate altar of the Wu Jian Council.
  7594 | D:7      | Reached XP level 9. HP: 55/55 MP: 9/9
  7703 | D:7      | Found a blossoming altar of Fedhas.
  7860 | D:7      | Identified the +10 trident of the Moon {elec, MR++ Stlth+}
  7860 | D:7      | Identified the +5 shield "Ydoemuch" {rPois Regen+}
  7869 | D:7      | Found a transporter.
  7874 | D:7      | Found a transporter.
  7900 | D:7      | Noticed FTLSpaceWarp's ghost (novice SpAs)
  8213 | D:8      | Slain by a porcupine

Levels and vault maps discovered:
D:1:      sevenhm_arrival_forest_fort_large_2, layout_basic, serial_glass,
          glass_columns_a, glass_columns_b, glass_columns_a, glass_columns_b,
          glass_columns_c, glass_columns_b, glass_columns_b, glass_columns_a,
          minmay_strange_pillars
D:2:      layout_loops_ring, chequers_garden
D:3:      layout_basic, serial_bayou, serial_bayou_pond_e, serial_bayou_pond_d,
          serial_bayou_pond_a, serial_bayou_pond_b, serial_bayou_shore_a,
          serial_bayou_pond_e
D:4:      layout_gridville, uniq_pikel
D:5:      layout_gridville, slow_altar_1, minmay_temple_entry_junction_2,
          first_ration
D:6:      layout_rooms, kennysheep_little_box, kennysheep_mini_moat,
          kiku_gazebo_pond_becter, portal_sewer_entry_b, serial_shops,
          shop_coins, small_statue_intersection, cheibriados_altar_1
D:7:      layout_layer_cave, lemuel_doored_altar, fedhas_altar_fruit_tree,
          gammafunk_ghost_gnarly_gnolls
D:8:      layout_rooms, due_lair_maze_entry_diamond, serial_shops,
          nicolae_shop_trees
Temple:   nicolae_temple_elliptical

Skill      XL: |  1  2  3  4  5  6  7  8  9 |
---------------+----------------------------+-----
Dodging        | 2 4 5 |  5.9
Fighting       | 3 4 5 6 |  6.1
Short Blades   | 3 4 5 6 |  6.1
Throwing       | 3 4 5 6 |  6.0
Stealth        | 6 |  6.6

Action                   |  1- 3 |  4- 6 |  7- 9 || total
-------------------------+-------+-------+-------++-------
Melee: Dagger            |    62 |    76 |   141 ||   279
       Constrict         |    10 |    18 |    29 ||    57
       Tentacles         |     9 |    16 |    37 ||    62
Throw: Dart              |    16 |    22 |    31 ||    69
Invok: Recall Ancestor   |       |       |     2 ||     2
       Ancestor Life: He |       |       |     1 ||     1
  Use: Scroll            |     2 |     8 |     5 ||    15
       Potion            |       |     1 |       ||     1
 Stab: Sleeping          |    11 |     5 |    13 ||    29
       Confused          |       |       |     2 ||     2
  Eat: Chunk             |     2 |     7 |    10 ||    19
       Ration            |       |       |     1 ||     1
Armor: Skin              |    10 |     6 |     3 ||    19
Dodge: Dodged            |    36 |    43 |    84 ||   163
